 Dungeon Crawl Stone Soup version 0.23-a0-643-g9ccc95a (webtiles) character file.

163346 galech the Severer (level 16, -4/145 HPs)
             Began as a Demonspawn Fighter on Dec 31, 2018.
             Was the Champion of Okawaru.
             Slain by a large abomination (19 damage)
             ... on level 3 of the Abyss.
             The game lasted 00:55:29 (26093 turns).

galech the Severer (Demonspawn Fighter)            Turns: 26093, Time: 00:55:30

Health: -4/145     AC: 38    Str: 33    XL:     16   Next: 98%
Magic:  0/5        EV:  9    Int: -2 (9) God:    Okawaru [******]
Gold:   2856       SH: 15    Dex: 24    Spells: 15/15 levels left

rFire    + + +     SeeInvis .   e - +10 broad axe of Apanir {antimagic, *Slow rElec rC+ Str+9}
rCold    + + .     Gourm    .   M - +0 shield of Masochism {rPois rF++ Str+2 Dex-2}
rNeg     + . .     Faith    .   Z - +9 scales of the Dragon King {rPois rF+ rC+ MR+}
rPois    +         Spirit   +   j - +2 hat
rElec    +         Reflect  .   W - +2 cloak of the Onion {rPois}
rCorr    .         Harm     .   r - +2 pair of gloves {Dex+3}
MR       ++...     Clarity  +   s - +2 pair of boots {Stlth+}
Stlth    ..........             y - amulet of guardian spirit
HPRegen  0.34/turn              x - ring of positive energy
MPRegen  0.09/turn              c - +3 ring of dexterity

@: mighty, slowed, lost intelligence, very slow
A: horns 2, thin skeletal structure 1, clarity, low mp 1, powered by death 2,
powered by pain 3, robust 1, weak 1
}: 1/15 runes: abyssal
a: Heroism, Finesse, Renounce Religion


You were on level 3 of the Abyss.
You worshipped Okawaru.
Okawaru was exalted by your worship.
You were very hungry.

You visited 4 branches of the dungeon, and saw 24 of its levels.
You visited the Abyss 2 times.
You also visited: Sewer, Gauntlet, Ice Cave and Volcano.

You collected 3059 gold pieces.
You spent 203 gold pieces at shops.

Inventory:

Hand Weapons
 e - the +10 broad axe of Apanir (weapon) {antimagic, *Slow rElec rC+ Str+9}
   (Okawaru gifted it to you on level 10 of the Dungeon)

   It reduces the magical energy of the wielder, and disrupts the spells and
   magical abilities of those hit.
   Natural abilities and divine invocations are not affected.
   It affects your strength (+9).
   It protects you from cold.
   It insulates you from electricity.
   It may slow you when you take damage.
 u - the +1 war axe "Miun" {elec, MR++ Str-4 Int+3 SInv}
   (Okawaru gifted it to you on level 2 of the Abyss)

   Occasionally, upon striking a foe, it will discharge some electrical energy
   and cause terrible harm.
   It affects your strength (-4).
   It affects your intelligence (+3).
   It affects your resistance to hostile enchantments.
   It lets you see invisible.
 P - the +5 broad axe "Husacac" {freeze, +Fly MP+9 Int-2}
   (Okawaru gifted it to you on level 8 of the Dungeon)

   It has been specially enchanted to freeze those struck by it, causing extra
   injury to most foes and up to half again as much damage against particularly
   susceptible opponents.
   It can also slow down cold-blooded creatures.
   It affects your intelligence (-2).
   It affects your magic capacity (+9).
   It lets you fly.
 X - a +5 long sword of flaming
Armour
 a - the +15 plate armour of the Villain {SInv}
   (Okawaru gifted it to you in a Gauntlet)

   It lets you see invisible.
 j - a +2 hat (worn)
 o - the +1 leather armour "Yschainwo" {rElec Regen+ Dex+2 Slay+4}
   (You found it on level 15 of the Dungeon)

   It affects your dexterity (+2).
   It affects your accuracy and damage with ranged weapons and melee attacks
   (+4).
   It insulates you from electricity.
   It increases your rate of regeneration.
 q - a +0 large shield of reflection
 r - a +2 pair of gloves of dexterity (worn)
 s - a +2 pair of boots of stealth (worn)
 H - the +0 hat of the Black Moon {rF+ Int+4 Stlth+}
   (You found it in a Gauntlet)

   It affects your intelligence (+4).
   It protects you from fire.
   It makes you more stealthy.
 J - a +0 pair of boots of flying
 M - the +0 shield of Masochism (worn) {rPois rF++ Str+2 Dex-2}
   (You found it on level 8 of the Dungeon)

   It affects your strength (+2).
   It affects your dexterity (-2).
   It greatly protects you from fire.
   It protects you from poison.
 Q - +1 steam dragon scales
 W - the +2 cloak of the Onion (worn) {rPois}
   (Okawaru gifted it to you in an ice cave)

   It protects you from poison.
 Z - the +9 scales of the Dragon King (worn) {rPois rF+ rC+ MR+}
   (You found it on level 1 of the Elven Halls)

   It protects you from fire.
   It protects you from cold.
   It protects you from poison.
   It affects your resistance to hostile enchantments.
Jewellery
 c - a +3 ring of dexterity (right hand)
 x - a ring of positive energy (left hand)
 y - an amulet of guardian spirit (around neck)
 I - an uncursed ring of see invisible
 R - an uncursed ring of ice
 V - an uncursed ring of ice
 Y - an uncursed ring of protection from fire
Scrolls
 b - 6 scrolls of enchant armour
 g - 12 scrolls of remove curse
 i - 4 scrolls of fear
 k - a scroll of magic mapping
 m - 2 scrolls of blinking
 p - 5 scrolls of amnesia
 D - 13 scrolls of teleportation
 F - a scroll of brand weapon
 G - 5 scrolls of enchant weapon
 K - a scroll of torment
 N - a scroll of vulnerability
 S - a scroll of silence
 U - 2 scrolls of fog
Potions
 d - 4 potions of might
 h - 5 potions of mutation
 l - 2 potions of ambrosia
 n - 4 potions of magic
 v - 6 potions of flight
 w - 4 potions of brilliance
 z - 6 potions of curing
 A - 2 potions of haste
 B - 4 potions of lignification
 C - 3 potions of berserk rage
 E - 2 potions of resistance
 L - 8 potions of heal wounds
 O - 2 potions of agility
 T - 2 potions of invisibility
Comestibles
 f - 48 rations


   Skills:
 + Level 13.8 Fighting
 + Level 2.4 Long Blades
 + Level 18.5 Axes
 + Level 10.2 Armour
 + Level 4.4 Dodging
 + Level 1.7 Stealth
 + Level 12.6 Shields
 + Level 0.9 Unarmed Combat
 + Level 3.4 Invocations


You had 15 spell levels left.
You didn't know any spells.
Your spell library contained the following spells:

 Spells                   Type           Power        Failure   Level  Hunger
 Corona                   Hex            #......      100%        1    ##.....
 Flame Tongue             Conj/Fire      #....        100%        1    ##.....
 Magic Dart               Conj           #...         100%        1    ##.....
 Shock                    Conj/Air       #...         100%        1    ##.....
 Summon Small Mammal      Summ           #...         100%        1    ##.....
 Blink                    Tloc           N/A          100%        2    ###....
 Call Imp                 Summ           #.......     100%        2    ###....
 Poisonous Vapours        Pois/Air       #.....       100%        2    ###....
 Searing Ray              Conj           #.....       100%        2    ###....
 Slow                     Hex            #.......     100%        2    ###....
 Throw Flame              Conj/Fire      #.....       100%        2    ###....
 Call Canine Familiar     Summ           #.......     100%        3    ####...
 Conjure Flame            Conj/Fire      #.......     100%        3    ####...
 Dazzling Spray           Conj/Hex       #.....       100%        3    ####...
 Gell's Gravitas          Tloc           #.........   100%        3    ####...
 Inner Flame              Hex/Fire       #.......     100%        3    ####...
 Mephitic Cloud           Conj/Pois/Air  #.......     100%        3    ####...
 Portal Projectile        Hex/Tloc       #.....       100%        3    ####...
 Recall                   Summ/Tloc      N/A          100%        3    ####...
 Spider Form              Tmut/Pois      #.........   100%        3    ####...
 Static Discharge         Conj/Air       #.......     100%        3    ####...
 Summon Guardian Golem    Hex/Summ       #.......     100%        3    ####...
 Airstrike                Air            #.........   100%        4    #####..
 Animate Dead             Necr           N/A          100%        4    #####..
 Cause Fear               Hex            #.........   100%        4    #####..
 Force Lance              Conj/Tloc      #.......     100%        4    #####..
 Fulminant Prism          Conj/Hex       #.........   100%        4    #####..
 Iskenderun's Mystic Bla  Conj           #.......     100%        4    #####..
 Leda's Liquefaction      Hex/Erth       #.........   100%        4    #####..
 Passage of Golubria      Tloc           N/A          100%        4    #####..
 Sticky Flame             Conj/Fire      #.......     100%        4    #####..
 Summon Ice Beast         Ice/Summ       #.......     100%        4    #####..
 Summon Lightning Spire   Summ/Air       #.......     100%        4    #####..
 Borgnjor's Vile Clutch   Necr/Erth      #.........   100%        5    ######.
 Fireball                 Conj/Fire      #.........   100%        5    ######.
 Irradiate                Conj/Tmut      #.........   100%        5    ######.
 Lightning Bolt           Conj/Air       #.........   100%        5    ######.
 Silence                  Hex/Air        #.........   100%        5    ######.
 Yara's Violent Unravell  Hex/Tmut       #.........   100%        5    ######.
 Death Channel            Necr           #.........   100%        6    #######
 Deflect Missiles         Chrm/Air       #.........   100%        6    #######
 Simulacrum               Ice/Necr       #.........   100%        6    #######
 Discord                  Hex            #.........   100%        8    #######
 Ignition                 Fire           #.........   100%        8    #######
 Shatter                  Erth           #.........   100%        9    #######
 Tornado                  Air            #.........   100%        9    #######


Dungeon Overview and Level Annotations

Branches:
Dungeon (15/15)            Temple (0/1) D:6            Lair (6/6) D:8
  Swamp (0/4) Lair:4        Snake (0/4) Lair:2        Slime (0/5) Lair:5
    Orc (2/2) D:9             Elf (1/3) Orc:2        Vaults (0/5) D:14
 Depths (0/5) D:15

Altars:
Ashenzari
Cheibriados
Fedhas
Hepliaklqana
Kikubaaqudgha
Makhleb
Nemelex Xobeh
Okawaru
Ru
Trog
Vehumet
Wu Jian
Yredelemnul
Zin
Beogh
Jiyva

Shops:
D:13 [   D:14 %   Orc:2 (:}?


Innate Abilities, Weirdness & Mutations

You have a pair of horns on your head.
You have a somewhat thin skeletal structure. (Dex +2, Stealth)
You regenerate health from kills.
You are powered by pain.
You are robust. (+10% HP)
You possess an exceptional clarity of mind.
Your magical capacity is low. (-10% MP)
You are weak. (Str -2)


Message History

You block the thrashing horror's attack. x2
You don't have enough magic at the moment.
You carve the thrashing horror like a ham!!!
You destroy the thrashing horror!
The hellwing misses you. You block the hellwing's attack.
You slice the hellwing!! Your headbutt misses the hellwing.
The hellwing is heavily wounded.
A large abomination comes into view.
You block the hellwing's attack. The hellwing barely misses you.
You hit the hellwing but do no damage. Your headbutt misses the hellwing.
The hellwing is heavily wounded.
You feel a little less agile now. You block the hellwing's attack.
The hellwing hits you.
* * * LOW HITPOINT WARNING * * *
Unknown command.
You open the hellwing like a pillowcase!!!
You kill the hellwing!
The white imp gestures at you. The puff of frost hits you!
The large abomination hits you!!
You die...

#8....#.......†† #
##....†.......#.#######.
#8....4........#.#X .
#8....xx......#†# # ##
..##.'3X#X.X....†..# ..
....X##.†≈≈≈...##
.######54##2≈8§.###
###.###### #@..#G.#
##X### # ##.# ### . ..
... ...#.. #.#... #.#.#
##.#.


You could see a starcursed mass, an orange crystal statue, a shadow demon, an
ancient zyme, 4 large abominations, 2 hellwings, a smoke demon and a small
abomination.

Vanquished Creatures
  A Hell Sentinel (Abyss:2)
  A tentacled starspawn (Abyss:2)
  A frost giant (IceCv)
  Louise (D:14)
  A deep elf sorcerer (Elf:1)
  2 orc warlords
  The ghost of kal9871 the Bludgeoner, a journeyman TrHu of Okawaru (D:14)
  A very ugly thing (Abyss:3)
  The ghost of Ereth the Impaler, a journeyman MiBe of Trog (Orc:1)
  Nessos (D:14)
  A minotaur (Gauntlet)
  Azrael (D:13)
  Fannar (Orc:1)
  6 hydras
  Erica (D:8)
  6 centaur warriors
  2 dancing weapons (D:14)
  2 death knights
  11 two-headed ogres
  4 tengu warriors
  5 death yaks
  4 ogre magi
  An orc high priest (D:14)
  Nergalle (Lair:1)
  Urug (D:13)
  Sonja (D:13)
  A wretched star (Abyss:2)
  2 skeletal warriors (Volcano)
  An unseen horror (D:14)
  8 starcursed masses
  2 glowing orange brains (Abyss:3)
  5 orc knights
  Pikel (D:4)
  A wizard (D:15)
  A necromancer (D:15)
  2 manticores
  5 ugly things
  9 deep elf magi
  14 orc sorcerers
  The ghost of Tovarisch the Sneak, a novice OpWn (D:5)
  3 cyclopes
  7 black mambas
  Maurice (D:13)
  Joseph (D:7)
  5 centaur zombies
  34 elephants
  A large abomination (Abyss:2)
  An apocalypse crab (Gauntlet)
  24 spiny frogs
  Psyche (D:12)
  A smoke demon (Abyss:2)
  A kobold demonologist (D:14)
  3 gargoyles (Volcano)
  2 rime drakes
  4 yaktaurs (D:15)
  An ice devil (Gauntlet)
  5 komodo dragons
  7 trolls
  20 polar bears
  A queen bee (shapeshifter) (D:15)
  3 meliai (D:15)
  A tengu conjurer (D:14)
  Prince Ribbit (D:6)
  4 tyrant leeches (Lair:6)
  6 slime creatures (D:15)
  2 bog bodies (Lair:4)
  24 blink frogs
  4 raiju (Abyss:2)
  13 hippogriffs
  2 flying skulls (Volcano)
  Sigmund (D:4)
  2 alligator skeletons (Volcano)
  A shadow (D:11)
  A spriggan (Lair:2)
  A ynoxinul (Gauntlet)
  A vampire (D:9)
  4 wyverns
  4 wraiths
  60 yaks
  5 fire elementals
  A hungry ghost (D:4)
  4 golden eyes (Abyss:2)
  2 basilisks
  4 neqoxecs (Abyss:3)
  A chaos spawn (Abyss:2)
  A golden eye (shapeshifter) (Elf:1)
  15 vampire mosquitoes
  Menkaure (D:4)
  4 nagas (Lair:2)
  9 wargs (Orc:1)
  9 insubstantial wisps (Abyss:2)
  11 water moccasins
  2 soldier ants (D:12)
  4 small abominations
  A hell hound (D:13)
  13 porcupines
  5 black bears
  37 orc warriors
  Purgy (D:3)
  7 ice beasts
  7 phantoms
  2 slaves (D:4)
  9 sky beasts
  A necrophage (D:7)
  An eye of draining (D:15)
  14 centaurs
  14 ogres
  39 wolves
  12 crocodiles
  2 big kobolds (D:13)
  Blork the orc (D:6)
  An earth elemental (Abyss:2)
  27 bullfrogs
  7 scorpions
  A hornet simulacrum (D:15)
  A spectral ogre (Orc:1)
  2 troll skeletons (Volcano)
  5 killer bees (D:7)
  A wight (D:13)
  4 electric eels
  5 howler monkeys
  8 crimson imps
  A lava snake (Lair:6)
  2 quasits
  4 iron imps (Gauntlet)
  6 jellies
  8 hounds
  Crazy Yiuf (D:4)
  2 centaur skeletons
  2 gnoll shamans
  21 orc priests
  38 orc wizards
  3 bullfrog skeletons
  7 worker ants
  8 iguanas
  2 spectral orcs (Orc:1)
  2 troll simulacra (Orc:1)
  A naga skeleton (Volcano)
  A tengu skeleton (Abyss:2)
  2 hound zombies
  2 hound skeletons
  A worker ant zombie (D:8)
  14 gnolls
  A howler monkey skeleton (D:8)
  17 adders
  A river rat (D:4)
  8 shadow imps
  3 white imps (Gauntlet)
  An ooze (D:4)
  2 orc simulacra (Orc:1)
  9 worms
  2 adder skeletons
  2 adder zombies
  A dart slug (D:3)
  14 leopard geckos
  144 orcs
  4 giant cockroaches
  8 goblins
  3 hobgoblins
  24 jackals
  7 quokkas
  2 ball pythons
  5 bats
  4 frilled lizards
  24 kobolds
  A leopard gecko skeleton (D:7)
  8 rats
  6 fungi
  15 plants
1115 creatures vanquished.

Vanquished Creatures (others)
  A flying skull (Volcano)
  A steam dragon (D:8)
  An orc warrior (Elf:1)
  An orc wizard (Orc:2)
  An orc (D:13)
  2 fungi (Lair:6)
  29 plants
  2 starspawn tentacles (Abyss:2)
38 creatures vanquished.

Grand Total: 1153 creatures vanquished

Notes
Turn   | Place    | Note
-------+----------+-------------------------------------------
     0 | D:1      | galech the Demonspawn Fighter began the quest for the Orb.
     0 | D:1      | Reached XP level 1. HP: 18/18 MP: 1/1
   594 | D:1      | Gained mutation: You sometimes gain a little power by
                  | taking damage. [demonic ancestry]
   594 | D:1      | Reached XP level 2. HP: 24/24 MP: 2/2
  1003 | D:2      | HP: 1/24 [adder (2)]
  1004 | D:2      | Gained mutation: You are agile. (Dex +2) [potion of
                  | mutation]
  1004 | D:2      | Gained mutation: You are weak. (Str -2) [potion of
                  | mutation]
  1004 | D:2      | Gained mutation: You possess an exceptional clarity of
                  | mind. [potion of mutation]
  1008 | D:2      | Reached skill level 2 in Axes
  1235 | D:2      | Found an ancient bone altar of Kikubaaqudgha.
  1328 | D:2      | Gained mutation: You have a pair of small horns on your
                  | head. [demonic ancestry]
  1328 | D:2      | Reached XP level 3. HP: 16/29 MP: 3/3
  1652 | D:3      | Found an iron altar of Okawaru.
  1665 | D:3      | Became a worshipper of Warmaster Okawaru
  1989 | D:3      | Found a bloodstained altar of Trog.
  2002 | D:3      | Gained mutation: You have a pair of horns on your head.
                  | [demonic ancestry]
  2002 | D:3      | Reached XP level 4. HP: 31/35 MP: 4/4
  2028 | D:3      | Noticed Purgy
  2217 | D:3      | Found a snail-covered altar of Cheibriados.
  2283 | D:3      | Found a basalt altar of Yredelemnul.
  2679 | D:4      | Reached skill level 3 in Axes
  2708 | D:4      | Noticed Menkaure
  2712 | D:4      | Killed Menkaure
  2712 | D:4      | Reached XP level 5. HP: 19/42 MP: 5/5
  2713 | D:4      | Gained mutation: You regenerate a little health from kills.
                  | [demonic ancestry]
  2713 | D:4      | Reached XP level 6. HP: 21/48 MP: 6/6
  2767 | D:4      | Noticed a hungry ghost
  2772 | D:4      | Found a blossoming altar of Fedhas.
  2788 | D:4      | Killed a hungry ghost
  2788 | D:4      | Reached * piety under Okawaru
  2788 | D:4      | Reached skill level 4 in Axes
  2788 | D:4      | Reached skill level 1 in Dodging
  2870 | D:4      | Noticed a slave
  2872 | D:4      | Noticed a slave
  2878 | D:4      | Noticed Pikel
  2881 | D:4      | Noticed a slave
  2881 | D:4      | Noticed a slave
  2994 | D:4      | Found a glowing drain.
  2998 | Sewer    | Entered a sewer
  3073 | Sewer    | Gained mutation: You sometimes gain power by taking damage.
                  | [demonic ancestry]
  3073 | Sewer    | Reached XP level 7. HP: 29/54 MP: 7/7
  3299 | D:4      | Noticed Sigmund
  3313 | D:4      | Killed Sigmund
  3313 | D:4      | Reached ** piety under Okawaru
  3709 | D:4      | Reached skill level 5 in Axes
  3861 | D:4      | Killed Pikel
  3861 | D:4      | Reached skill level 1 in Stealth
  3861 | D:4      | Reached XP level 8. HP: 61/61 MP: 6/8
  4036 | D:4      | Reached skill level 5 in Armour
  4037 | D:4      | Reached skill level 6 in Axes
  4079 | D:3      | Killed Purgy
  4079 | D:3      | Reached skill level 1 in Invocations
  4431 | D:4      | Found a runed door.
  4593 | D:4      | Noticed Crazy Yiuf
  4597 | D:4      | Killed Crazy Yiuf
  4665 | D:5      | Entered Level 5 of the Dungeon
  4755 | D:5      | Found a runed door.
  4950 | D:5      | Reached skill level 7 in Axes
  5180 | D:5      | Noticed Tovarisch's ghost (novice OpWn)
  5236 | D:5      | Reached skill level 5 in Fighting
  5957 | D:6      | Noticed Blork the orc
  5969 | D:6      | Killed Blork the orc
  5969 | D:6      | Reached *** piety under Okawaru
  5969 | D:6      | Gained mutation: You are powered by pain. [demonic
                  | ancestry]
  5969 | D:6      | Reached XP level 9. HP: 37/68 MP: 9/9
  6297 | D:6      | Reached skill level 5 in Shields
  6392 | D:6      | Found a staircase to the Ecumenical Temple.
  6595 | D:6      | Found a bloodstained altar of Trog.
  6894 | D:6      | Noticed Prince Ribbit
  6906 | D:6      | Killed Prince Ribbit
  7232 | D:7      | Reached skill level 8 in Axes
  7555 | D:7      | Found a shattered altar of Ashenzari.
  7923 | D:7      | Found an ornate altar of the Wu Jian Council.
  8244 | D:7      | Found a sacrificial altar of Ru.
  8245 | D:7      | Reached **** piety under Okawaru
  8671 | D:7      | Noticed Joseph
  8685 | D:7      | Killed Joseph
  8685 | D:7      | Reached skill level 9 in Axes
  8685 | D:7      | Reached XP level 10. HP: 76/77 MP: 8/11
  8970 | D:8      | Noticed Erica
  8991 | D:8      | Killed Erica
  9212 | D:8      | Got a warped shield
  9223 | D:8      | Identified the +0 shield of Masochism {rPois rF++ Str+2
                  | Dex-2} (You found it on level 8 of the Dungeon)
  9267 | D:8      | Received a gift from Okawaru
  9317 | D:8      | You fall through a shaft for 3 floors!
  9354 | D:11     | Noticed a purple ugly thing
  9363 | D:11     | Killed a purple ugly thing
  9363 | D:11     | Reached skill level 10 in Axes
  9654 | D:10     | Entered Level 10 of the Dungeon
  9674 | D:9      | Found a staircase to the Orcish Mines.
  9692 | D:9      | Found a burning altar of Makhleb.
  9692 | D:9      | Found a glowing silver altar of Zin.
  9693 | D:9      | Found a sparkling altar of Nemelex Xobeh.
  9693 | D:9      | Found a hazy altar of Hepliaklqana.
  9695 | D:9      | Found a shattered altar of Ashenzari.
  9696 | D:9      | Found a blossoming altar of Fedhas.
  9784 | D:9      | Reached ***** piety under Okawaru
  9980 | D:9      | Reached XP level 11. HP: 60/84 MP: 12/12
 10283 | D:8      | Received a gift from Okawaru
 10295 | D:8      | Got a twisted broad axe {god gift}
 10296 | D:8      | Identified the +5 broad axe "Husacac" {freeze, +Fly MP+9
                  | Int-2} (Okawaru gifted it to you on level 8 of the Dungeon)
 10381 | D:8      | Identified the amulet of the Voivode {Gourm Int+5}
 10381 | D:8      | Noticed a centaur warrior
 10444 | D:8      | Identified Ymoo's Reference Book on Attacks and the Voyage
 10772 | D:8      | Found a staircase to the Lair.
 10866 | D:8      | Killed a centaur warrior
 11137 | D:8      | Found an iron altar of Okawaru.
 11674 | D:9      | Reached skill level 11 in Axes
 12031 | D:5      | Killed Tovarisch's ghost
 12249 | D:10     | Received a gift from Okawaru
 12252 | D:10     | Got an iridescent broad axe {god gift}
 12253 | D:10     | Identified the +10 broad axe of Apanir {antimagic, *Slow
                  | rElec rC+ Str+9} (Okawaru gifted it to you on level 10 of
                  | the Dungeon)
 12335 | D:10     | Identified the Catalogue of Floating Intoxication
 12792 | D:10     | Noticed a two-headed ogre
 12800 | D:10     | Killed a two-headed ogre
 12908 | Orc:1    | Entered Level 1 of the Orcish Mines
 12911 | Orc:1    | Noticed an orc sorcerer
 12917 | Orc:1    | Killed an orc sorcerer
 12952 | Orc:1    | Noticed Fannar
 12969 | Orc:1    | Killed Fannar
 12978 | Orc:1    | Noticed an orc knight
 12993 | Orc:1    | Killed an orc knight
 12993 | Orc:1    | Reached skill level 12 in Axes
 12998 | Orc:1    | Gained mutation: You have a somewhat thin skeletal
                  | structure. (Dex +2, Stealth) [demonic ancestry]
 12998 | Orc:1    | Reached XP level 12. HP: 86/94 MP: 0/13
 13054 | Orc:1    | Found a frozen archway.
 13089 | IceCv    | Entered an ice cave
 13212 | IceCv    | Reached ****** piety under Okawaru
 13244 | IceCv    | Received a gift from Okawaru
 13254 | IceCv    | Got a fine cloak {god gift}
 13266 | IceCv    | Identified the +2 cloak of the Onion {rPois} (Okawaru
                  | gifted it to you in an ice cave)
 13289 | IceCv    | Noticed a death yak
 13298 | IceCv    | Noticed a death yak
 13301 | IceCv    | Killed a death yak
 13306 | IceCv    | Killed a death yak
 13397 | IceCv    | Reached skill level 13 in Axes
 13464 | IceCv    | Noticed a frost giant
 13489 | IceCv    | Killed a frost giant
 13948 | Orc:1    | Found a runed gate.
 13948 | Orc:1    | Found a runed gate.
 13948 | Orc:1    | Found a runed gate.
 13953 | Orc:1    | Noticed Ereth's ghost (journeyman MiBe)
 14071 | Orc:2    | Entered Level 2 of the Orcish Mines
 14188 | Orc:1    | Noticed an orc warlord
 14226 | Orc:1    | Killed an orc warlord
 14226 | Orc:1    | Gained mutation: You regenerate health from kills. [demonic
                  | ancestry]
 14226 | Orc:1    | Reached XP level 13. HP: 89/103 MP: 3/14
 14873 | Orc:2    | Found a staircase to the Elven Halls.
 15015 | Orc:2    | Reached skill level 14 in Axes
 15058 | Orc:2    | Found Wemaf's Gadget Emporium.
 15058 | Orc:2    | Paralysed by an orc sorcerer for 7 turns
 15068 | Orc:2    | Reached skill level 10 in Fighting
 15108 | Orc:2    | Found a radiant altar of Vehumet.
 15139 | Orc:2    | Found an ancient bone altar of Kikubaaqudgha.
 15171 | Orc:2    | Paralysed by an orc sorcerer for 3 turns
 15178 | Orc:2    | Received a gift from Okawaru
 15214 | Orc:2    | Found Tolucat's Magic Scroll Shoppe.
 15222 | Orc:2    | Bought a scroll of blinking for 82 gold pieces
 15222 | Orc:2    | Bought a scroll of teleportation for 33 gold pieces
 15222 | Orc:2    | Bought a scroll of identify for 22 gold pieces
 15222 | Orc:2    | Bought a scroll of identify for 22 gold pieces
 15222 | Orc:2    | Bought a scroll of identify for 22 gold pieces
 15222 | Orc:2    | Bought a scroll of identify for 22 gold pieces
 15245 | Orc:2    | Found a roughly hewn altar of Beogh.
 15245 | Orc:2    | Found Lom Meha's Book Emporium.
 15283 | Orc:2    | Found Haoc's Antique Weapon Shoppe.
 15445 | Lair:1   | Entered Level 1 of the Lair of Beasts
 15661 | Lair:1   | You fall through a shaft!
 15808 | Lair:1   | Found a dark tunnel.
 15815 | Volcano  | Entered a volcano
 15994 | Volcano  | Reached skill level 15 in Axes
 16627 | Lair:1   | Noticed Nergalle
 16643 | Lair:1   | Killed Nergalle
 16977 | Lair:2   | Found a staircase to the Snake Pit.
 17554 | Lair:3   | Found a gate leading to a gauntlet.
 17559 | Gauntlet | Entered a Gauntlet
 17559 | Gauntlet | Found a transporter.
 17561 | Gauntlet | Found a transporter.
 17573 | Gauntlet | Found a transporter.
 17574 | Gauntlet | Found a transporter.
 17579 | Gauntlet | Found a transporter.
 17584 | Gauntlet | Found a transporter.
 17631 | Gauntlet | Found a transporter.
 17642 | Gauntlet | Found a transporter.
 17670 | Gauntlet | Found a transporter.
 17678 | Gauntlet | Got a warped hat
 17703 | Gauntlet | Identified the +0 hat of the Black Moon {rF+ Int+4 Stlth+}
                  | (You found it in a Gauntlet)
 17725 | Gauntlet | Found a transporter.
 17735 | Gauntlet | Noticed a minotaur
 17743 | Gauntlet | Killed a minotaur
 17743 | Gauntlet | Received a gift from Okawaru
 17743 | Gauntlet | Reached XP level 14. HP: 43/111 MP: 3/16
 17747 | Gauntlet | Got an ichor-stained plate armour {god gift}
 17768 | Gauntlet | Identified the +15 plate armour of the Villain {SInv}
                  | (Okawaru gifted it to you in a Gauntlet)
 17944 | Lair:3   | Found a sparkling altar of Nemelex Xobeh.
 18097 | Lair:3   | Reached skill level 10 in Shields
 18468 | Lair:3   | Reached skill level 1 in Long Blades
 18820 | Lair:4   | Found a staircase to the Swamp.
 19496 | Lair:5   | Received a gift from Okawaru
 19798 | Lair:5   | Reached skill level 16 in Axes
 20020 | Lair:5   | Found a viscous altar of Jiyva.
 20020 | Lair:5   | Found a staircase to the Slime Pits.
 20195 | Lair:6   | Entered Level 6 of the Lair of Beasts
 20259 | Lair:6   | Received a gift from Okawaru
 20331 | Lair:6   | Gained mutation: You are robust. (+10% HP) [demonic
                  | ancestry]
 20331 | Lair:6   | Reached XP level 15. HP: 114/132 MP: 5/17
 20994 | Lair:6   | Received a gift from Okawaru
 21587 | D:12     | Noticed Psyche
 21593 | D:12     | Killed Psyche
 21626 | D:12     | Found an iron altar of Okawaru.
 22362 | D:13     | Noticed Maurice
 22368 | D:13     | Killed Maurice
 22373 | D:13     | Reached skill level 17 in Axes
 22430 | D:13     | Noticed Sonja
 22513 | D:13     | Killed Sonja
 22513 | D:13     | Received a gift from Okawaru
 22656 | D:13     | Noticed Azrael
 22659 | D:13     | Noticed Urug
 22670 | D:13     | Killed Azrael
 22680 | D:13     | Killed Urug
 22907 | D:13     | Found a roughly hewn altar of Beogh.
 23126 | D:13     | Found Tootasis's Antique Armour Boutique.
 23329 | D:14     | Found Ytorirchot's Food Shoppe.
 23380 | D:14     | Noticed Nessos
 23398 | D:14     | Killed Nessos
 23482 | D:14     | Found a runed gate.
 23482 | D:14     | Found a runed gate.
 23482 | D:14     | Found a runed gate.
 23482 | D:14     | Identified the +6 great mace "Fatutsir" {venom, *Slow rF-
                  | rN+++ Str+3}
 23482 | D:14     | Identified the +4 chain mail of Ehonot {rElec rC+ Int-5}
 23482 | D:14     | Noticed an orc warlord
 23483 | D:14     | Found a roughly hewn altar of Beogh.
 23483 | D:14     | Noticed kal9871's ghost (journeyman TrHu)
 23552 | D:14     | Noticed Louise
 23573 | D:14     | Killed Louise
 23642 | D:14     | Reached XP level 16. HP: 134/141 MP: 6/18
 23878 | D:14     | Found a gate to the Vaults.
 24141 | D:14     | Killed kal9871's ghost
 24280 | D:15     | Entered Level 15 of the Dungeon
 24480 | D:15     | Received a gift from Okawaru
 24569 | D:15     | Reached skill level 18 in Axes
 24768 | D:15     | Got a heavily runed leather armour
 24779 | D:15     | Identified the +1 leather armour "Yschainwo" {rElec Regen+
                  | Dex+2 Slay+4} (You found it on level 15 of the Dungeon)
 24977 | D:15     | Paralysed by an orc sorcerer for 7 turns
 24992 | D:15     | Reached skill level 10 in Armour
 25026 | D:15     | Found a staircase to the Depths.
 25310 | Orc:1    | Killed Ereth's ghost
 25391 | Elf:1    | Entered Level 1 of the Elven Halls
 25398 | Elf:1    | Cast into level 2 of the Abyss (a deep elf sorcerer)
 25398 | Abyss:2  | Found a corrupted altar of Lugonu.
 25501 | Abyss:2  | Received a gift from Okawaru
 25504 | Abyss:2  | Got a bone war axe {god gift}
 25550 | Abyss:2  | Noticed a Hell Sentinel
 25560 | Abyss:2  | Killed a Hell Sentinel
 25668 | Abyss:2  | Noticed a tentacled starspawn
 25676 | Abyss:2  | Killed a tentacled starspawn
 25678 | Elf:1    | Escaped the Abyss
 25755 | Elf:1    | Identified the +1 war axe "Miun" {elec, MR++ Str-4 Int+3
                  | SInv} (Okawaru gifted it to you on level 2 of the Abyss)
 25782 | Elf:1    | Found the +9 scales of the Dragon King {rPois rF+ rC+ MR+}
 25937 | Elf:1    | Received a gift from Okawaru
 25943 | Elf:1    | Cast into level 3 of the Abyss (a deep elf demonologist)
 25948 | Abyss:3  | Lost mutation: You are agile. (Dex +2) [a neqoxec]
 25952 | Abyss:3  | Gained mutation: Your magical capacity is low. (-10% MP) [a
                  | neqoxec]
 25964 | Abyss:3  | Paralysed by accursed screaming for 2 turns
 26022 | Abyss:3  | Got an abyssal rune of Zot
 26029 | Abyss:3  | Noticed a tentacled starspawn
 26066 | Abyss:3  | Lost intelligence.
 26093 | Abyss:3  | Slain by a large abomination

Vault maps used:
D:1:      dpeg_arrival_radiant
D:2:      lemuel_crystal_altar
D:3:      overflow_temple_1_default, lemuel_round_altar,
          nicolae_overflow_hidden_temple, first_ration, kennysheep_slug_shrine,
          uniq_purgy
D:4:      gup_sewer_entry_spiral, fedhas_altar_fruit_tree, uniq_pikel,
          uniq_sigmund, uniq_menkaure, uniq_crazy_yiuf_cottage
D:5:      hellmonk_ghost_happy_afterlife
D:6:      temple_doors_ab, trog_hazing_becter, uniq_blork_the_orc,
          uniq_prince_ribbit1
D:7:      nicolae_ru_sacrificial_ziggurat, old_standard_altar,
          nicolae_ashenzari_panopticon, uniq_joseph
D:8:      minmay_the_grid_octo_tiled_squarecenter, david_lair_generic,
          basic_altar, enter_ossuary_5, uniq_erica
D:9:      grunt_temple_overflow_open, orc_0_dummy, serial_rivers,
          chequers_serial_rivers_small_3, chequers_serial_rivers_small_b,
          chequers_serial_rivers_large_a, chequers_serial_rivers_room_a,
          chequers_serial_rivers_micro_e, chequers_serial_rivers_small_3
D:12:     basic_altar, hangedman_pestilent_swarm, hangedman_decor_points,
          minmay_starry_boxes, uniq_psyche
D:13:     argonaut_augean_stables, special_room, serial_bayou,
          serial_bayou_pond_b, serial_bayou_shore_b, serial_bayou_pond_e,
          serial_bayou_pond_c, serial_shops, nicolae_shop_statue_plus,
          small_statue_intersection, uniq_urug, uniq_maurice, uniq_azrael,
          uniq_sonja
D:14:     erik_vaults_1, biasface_ghost_orc_armoury, grunt_decor_one_mirror,
          serial_shops, shop, uniq_nessos, uniq_louise
D:15:     grunt_enter_depths_magical_seal, minivault_23
Lair:1:   minmay_lair_venomous_thicket, nicolae_volcano_entry_hallway,
          uniq_nergalle
Lair:2:   minmay_snake_entry_guardpost_small, grunt_forest_stairs_clearing,
          serial_bayou_shore_b
Lair:3:   basic_altar, gauntlet_entry_generic, st_stairs_3,
          cheibrodos_lair_lostbears
Lair:4:   skrybe_swamp_entry_bodies, beast_lair_carwin_11
Lair:5:   beast_lair_carwin_large_4, dpeg_slime_entry_enclosed_altar,
          serial_bayou_shore_b
Lair:6:   minmay_lair_end_frog_pond
Orc:1:    portal_ice_cave_entry_pillars_2, gammafunk_ghost_necromancy,
          mines5_lemuel, uniq_fannar
Orc:2:    kennysheep_orc_mage_school, nicolae_orc_crystal_geode
Elf:1:    basic_altar, orc_legates, minmay_shop_grove
Abyss:3:  hangedman_shadowy_showcase, doesnt_abyss_rune_brain_food
Sewer:    kennysheep_door_sewer
IceCv:    ice_cave_caverns_03
Volcano:  volcano_tomb
Gauntlet: gammafunk_gauntlet_one_two_three

Skill      XL: |  1  2  3  4  5  6  7  8  9 10 11 12 13 14 15 16 |
---------------+-------------------------------------------------+-----
Armour         | 3 4 5 6 7 8 9 10 | 10.2
Axes           | 2 3 4 5 7 9 10 12 13 15 16 17 18 | 18.5
Shields        | 3 4 5 6 7 8 9 10 11 12 | 12.6
Dodging        | 1 2 3 4 |  4.4
Fighting       | 4 5 6 7 8 9 10 11 12 13 | 13.8
Stealth        | 1 |  1.7
Invocations    | 1 2 3 |  3.4
Long Blades    | 1 2 |  2.4
Unarmed Combat | |  0.9

Action                   |  1- 3 |  4- 6 |  7- 9 | 10-12 | 13-15 | 16-18 || total
-------------------------+-------+-------+-------+-------+-------+-------++-------
Melee: War axe           |   147 |   114 |   387 |   282 |       |       ||   930
       Headbutt          |     7 |    23 |    86 |   150 |   362 |   149 ||   777
       Unarmed           |       |       |    11 |       |       |       ||    11
       Broad axe         |       |       |       |   346 |  1050 |   447 ||  1843
       Long sword        |       |       |       |       |    33 |       ||    33
Invok: Heroism           |       |     1 |    11 |    13 |     8 |     5 ||    38
  Use: Potion            |     2 |       |       |       |       |       ||     2
       Scroll            |       |     5 |     7 |     3 |    17 |     2 ||    34
 Stab: Confused          |       |       |     2 |       |       |       ||     2
       Distracted        |       |       |       |       |     1 |       ||     1
  Eat: Chunk             |     4 |     8 |    19 |    23 |    24 |     7 ||    85
       Ration            |       |       |       |     1 |       |       ||     1
Armor: Scale mail        |    72 |    50 |   101 |       |       |       ||   223
       Plate armour      |       |       |    57 |   303 |   591 |   126 ||  1077
       Gold dragon scale |       |       |       |       |       |   142 ||   142
Dodge: Dodged            |    47 |    35 |   129 |   164 |   373 |   179 ||   927
Block: Shield            |    86 |    50 |   188 |   370 |   754 |   304 ||  1752
       Rpst.: Long sword |       |       |       |       |     8 |       ||     8

Table legend:
 A = Non-vault XP
 B = Vault XP
 C = Vault XP percentage of total XP
 D = Non-vault monster count
 E = Vault monster count
 F = Vault count percentage of total count
                 A         B        C        D         E       F
            +---------+---------+-------+---------+---------+-------
      Total |  115031 |   99749 |  46.4 |     704 |     389 |  35.6
            +---------+---------+-------+---------+---------+-------
        D:1 |      17 |       0 |   0.0 |      11 |       0 |   0.0
        D:2 |      44 |       0 |   0.0 |      15 |       0 |   0.0
        D:3 |      88 |     136 |  60.7 |      29 |       2 |   6.5
        D:4 |     690 |    1120 |  61.9 |      28 |      12 |  30.0
        D:5 |     578 |     529 |  47.8 |      22 |       1 |   4.3
        D:6 |     821 |     391 |  32.3 |      19 |       8 |  29.6
        D:7 |    1290 |     475 |  26.9 |      31 |       1 |   3.1
        D:8 |     949 |    5299 |  84.8 |      15 |      29 |  65.9
        D:9 |    1975 |       0 |   0.0 |      36 |       0 |   0.0
       D:10 |    2502 |       0 |   0.0 |      31 |       0 |   0.0
       D:11 |    1422 |       0 |   0.0 |      12 |       0 |   0.0
       D:12 |    6269 |    1976 |  24.0 |      48 |      11 |  18.6
       D:13 |    5735 |   12834 |  69.1 |      44 |      53 |  54.6
       D:14 |    8604 |   11709 |  57.6 |      21 |      21 |  50.0
       D:15 |   22411 |    4478 |  16.7 |      54 |       9 |  14.3
     Lair:1 |    5483 |    1846 |  25.2 |      30 |      11 |  26.8
     Lair:2 |    1088 |    1675 |  60.6 |       4 |      10 |  71.4
     Lair:3 |    6322 |    1630 |  20.5 |      22 |       5 |  18.5
     Lair:4 |    4296 |    1130 |  20.8 |      16 |       5 |  23.8
     Lair:5 |    4920 |    7159 |  59.3 |      27 |      15 |  35.7
     Lair:6 |   14555 |   12428 |  46.1 |      41 |      50 |  54.9
      Orc:1 |    6063 |    4039 |  40.0 |      52 |      19 |  26.8
      Orc:2 |    2467 |    7256 |  74.6 |      51 |      33 |  39.3
      Elf:1 |    3812 |    1924 |  33.5 |       6 |      13 |  68.4
    Abyss:2 |   12166 |       0 |   0.0 |      34 |       0 |   0.0
    Abyss:3 |     464 |    3472 |  88.2 |       5 |       7 |  58.3
      Sewer |       0 |     116 | 100.0 |       0 |       6 | 100.0
      IceCv |       0 |   12120 | 100.0 |       0 |      45 | 100.0
    Volcano |       0 |    3561 | 100.0 |       0 |      12 | 100.0
   Gauntlet |       0 |    2446 | 100.0 |       0 |      11 | 100.0
            +---------+---------+-------+---------+---------+-------
